 Dungeon Crawl Stone Soup version 0.29-a0-294-g83ea962da3 (webtiles) character file.

Game seed: 1914238563260610212

809 Dabor the Conjurer (level 7, 0/35 (36) HPs)
             Began as a Deep Elf Conjurer on Mar 18, 2022.
             Slain by a yak (5 damage)
             ... on level 4 of the Dungeon.
             The game lasted 00:13:17 (6744 turns).

Dabor the Conjurer (Deep Elf Conjurer)              Turns: 6744, Time: 00:13:17

HP:   0/35 (36)     AC:  5    Str:  4    XL:     7   Next: 61%
MP:   17/17         EV: 14    Int: 25    God:
Gold: 248           SH:  0    Dex: 13    Spells: 10/17 levels left

rFire   . . .      SeeInvis .   x - +2 spear (distort)
rCold   . . .      Faith    .   (no shield)
rNeg    . . .      Spirit   .   a - +0 robe
rPois   .          Reflect  .   (no helmet)
rElec   .          Harm     .   (no cloak)
rCorr   .          Rampage  .   n - +2 pair of gloves
Will    .....                   (no boots)
Stlth   +++.......              (no amulet)
HPRegen 0.11/turn               g - ring of wizardry
MPRegen 0.15/turn               (no ring)

@: about to teleport, lightly drained
A: no striking features
a: no special abilities


You were on level 4 of the Dungeon.
You visited 1 branch of the dungeon, and saw 5 of its levels.
You also visited: Sewer and Ossuary.

You collected 248 gold pieces.

Inventory:

Hand Weapons
 f - a +0 short sword
 x - a +2 spear of distortion (weapon)
Armour
 a - a +0 robe (worn)
 n - a +2 pair of gloves (worn)
Jewellery
 g - a ring of wizardry (left hand)
 o - an amulet of faith
Wands
 m - a wand of mindburst (10)
Scrolls
 b - 6 scrolls of teleportation
 d - 2 scrolls of noise
 h - 2 scrolls of fog
 j - 3 scrolls of brand weapon
 q - a scroll of enchant weapon
 s - a scroll of amnesia
 u - a scroll of enchant armour
 w - a scroll of silence
 y - 2 scrolls of identify
 C - a scroll of magic mapping {unknown}
Potions
 e - 2 potions of lignification {unknown}
 i - 2 potions of degeneration {unknown}
 k - 3 potions of attraction {unknown}
 l - 5 potions of curing {unknown}
 p - 3 potions of mutation {unknown}
 r - 2 potions of haste {unknown}
 t - a potion of brilliance {unknown}
 v - a potion of cancellation
 z - a potion of invisibility {unknown}
 A - a potion of ambrosia {unknown}
 B - 4 potions of flight


   Skills:
 + Level 5.2 Dodging
 + Level 5.6 Stealth
 + Level 5.9 Spellcasting
 + Level 6.1 Conjurations
 + Level 4.0 Hexes


You had 10 spell levels left.
You knew the following spells:

 Your Spells              Type           Power      Damage    Failure   Level
a - Magic Dart            Conj           100%       1d8       1%          1
b - Searing Ray           Conj           76%        2d7       1%          2
c - Fulminant Prism       Conj/Hex       16%        3d11      3%          4

Your spell library contained the following spells:

 Spells                   Type           Power      Damage    Failure   Level
 Dazzling Flash           Conj/Hex       64%        N/A       1%          3
 Beastly Appendage        Tmut           14%        N/A       3%          1
 Pain                     Necr           28%        1d5       3%          1
 Wereblood                Tmut           7%         N/A       4%          2
 Mephitic Cloud           Conj/Pois/Air  17%        N/A       4%          3
 Gell's Gravitas          Tloc           7%         N/A       9%          3
 Ignite Poison            Fire/Tmut/Pois 7%         N/A       9%          3
 Lesser Beckoning         Tloc           7%         N/A       9%          3
 Spider Form              Tmut/Pois      7%         N/A       9%          3
 Teleport Other           Tloc           7%         N/A       9%          3
 Iskenderun's Mystic Bla  Conj/Tloc      22%        2d6       9%          4
 Freezing Cloud           Conj/Ice/Air   8%         6-21      32%         5
 Agony                    Necr           7%         N/A       61%         5
 Excruciating Wounds      Necr           3%         N/A       61%         5
 Lee's Rapid Deconstruct  Erth           3%         3d6*      61%         5


Dungeon Overview and Level Annotations

Branches:
Dungeon (5/15)              Sewer (visited)         Ossuary (visited)
 Temple: D:4-7

Altars:


Message History

The yak is moderately wounded.
You climb upwards.
There is a stone staircase leading down here.
You start resting.
HP restored.
There is an open door here.
There is a stone staircase leading down here.
You climb downwards.
There is a stone staircase leading up here.
Magic restored.
There is a stone staircase leading up here.
Aiming: Magic Dart (safe; 1% risk of failure)
Press: ? - help, Q - select action, (/) - cycle Shift-Dir - straight line, f - yak
Aim: a yak (wandering, hasn't noticed you, 100% to hit)
Okay, then.
Search for what [Enter for "."]?
The yak bellows!
The yak gores you. The yak attacks as you move away!
The yak completely misses you.
The yak bellows!
The yak gores you!
There is a stone staircase leading up, spattered with blood here.
The yak gores you. The yak gores you!
* * * LOW HITPOINT WARNING * * *
You climb upwards.
There is a stone staircase leading down here.
As you read the scroll of teleportation, it crumbles to dust.
You feel strangely unstable. The yak closely misses you. The yak gores you!
* * * LOW HITPOINT WARNING * * *
Okay, then.
You feel much better. The yak barely misses you. The yak gores you!
* * * LOW HITPOINT WARNING * * *
Okay, then.
It was a potion of cancellation.
You feel strangely stable.
You feel magically purged. The yak closely misses you.
The yak barely misses you.
As you read the scroll of teleportation, it crumbles to dust.
You feel strangely unstable. The yak misses you. The yak gores you.
You die...

#....# #.##.# #..#.# #
##.#.### # #.#...### #
##### #.##....# # #...#
#.##..#.#
######...#####.#####.#
................@Y...#
+#####..#######..Y.###
....##.......##.##'#######
....##...###.##..........#
....##.....#.............#
....##...#)#####.........#
....##...#.# #.........#
#####...##.# ###'#######
.......#...### #.#


You could see 2 yaks.

Vanquished Creatures
  A centaur (D:5)
  A scorpion (D:4)
  A jelly (D:4)
  3 orc wizards
  An iguana (D:5)
  A merfolk siren (Sewer)
  A merfolk avatar (Sewer)
  13 mummies (Ossuary)
  7 adders
  9 gnolls
  5 river rats (Sewer)
  A shadow imp (D:5)
  A worm (D:5)
  9 orcs
  11 ball pythons
  6 bats
  6 endoplasms
  7 giant cockroaches
  7 goblins
  4 hobgoblins
  3 jackals (D:4)
  5 quokkas
  5 frilled lizards
  2 gnoll skeletons (Ossuary)
  4 goblin skeletons (Ossuary)
  4 kobolds
  A kobold skeleton (Ossuary)
  An orc skeleton (Ossuary)
  18 rats
  11 rat skeletons (Ossuary)
149 creatures vanquished.

Notes
Turn   | Place    | Note
-------+----------+-------------------------------------------
     0 | D:1      | Dabor the Deep Elf Conjurer began the quest for the Orb.
     0 | D:1      | Reached XP level 1. HP: 10/10 MP: 6/6
   861 | D:2      | You fall into a shaft and drop 1 floor!
   937 | D:3      | Reached XP level 2. HP: 15/15 MP: 4/8
  1071 | D:3      | Reached XP level 3. HP: 3/19 MP: 10/10
  1445 | D:3      | Found a faded altar of an unknown god.
  1552 | D:3      | Reached XP level 4. HP: 24/24 MP: 7/11
  1858 | D:2      | Reached skill level 5 in Conjurations
  1861 | D:2      | Learned a level 2 spell: Searing Ray
  1866 | D:2      | Learned a level 4 spell: Fulminant Prism
  2650 | D:4      | Found a sand-covered staircase.
  2667 | Ossuary  | Entered an ossuary
  2774 | Ossuary  | Reached skill level 1 in Hexes
  2774 | Ossuary  | Reached XP level 5. HP: 22/28 MP: 6/13
  3409 | Ossuary  | Reached XP level 6. HP: 32/32 MP: 9/15
  3626 | D:4      | Reached skill level 5 in Spellcasting
  4960 | D:5      | Entered Level 5 of the Dungeon
  5037 | D:5      | Reached skill level 5 in Stealth
  5138 | D:5      | Found a glowing drain.
  5142 | Sewer    | Entered a sewer
  5237 | Sewer    | Reached XP level 7. HP: 36/36 MP: 8/17
  6077 | D:5      | Reached skill level 5 in Dodging
  6164 | D:5      | Reached skill level 6 in Conjurations
  6536 | D:5      | Noticed a yak
  6552 | D:5      | Noticed a yak
  6555 | D:5      | Noticed a yak
  6561 | D:5      | Noticed a yak
  6741 | D:4      | HP: 1/35 [yak (8)]
  6744 | D:4      | Slain by a yak

Illustrated notes

Levels and vault maps discovered:
D:1:      dpeg_arrival_castle, layout_loops_corners
D:2:      layout_rooms, serial_glass, glass_columns_a, glass_columns_c,
          glass_columns_a, glass_columns_b, glass_columns_a, glass_columns_b,
          glass_columns_c, glass_columns_b
D:3:      layout_loops_cross, chequers_ecumenical_altar_grove
D:4:      layout_basic, nicolae_ossuary_entry_false_entrances
D:5:      layout_cave_pools, nicolae_uskayaw_en_pointe, gup_sewer_entry_spiral,
          minmay_misc_feat_five

Skill      XL: |  1  2  3  4  5  6  7 |
---------------+----------------------+-----
Stealth        | 3 4 5 |  5.6
Dodging        | 3 4 5 |  5.2
Spellcasting   | 4 5 |  5.9
Conjurations   | 5 6 |  6.1
Hexes          | 1 2 3 4 |  4.0

Action                   |  1- 3 |  4- 6 |  7- 9 || total
-------------------------+-------+-------+-------++-------
Melee: Unarmed           |     1 |       |       ||     1
       Short sword       |       |     6 |       ||     6
       Spear             |       |    15 |     8 ||    23
 Cast: Magic Dart        |    51 |    97 |    35 ||   183
       Searing Ray       |       |    32 |    18 ||    50
  Use: Scroll            |     5 |     6 |     2 ||    13
       Potion            |     1 |       |     2 ||     3
Armor: Robe              |     5 |    10 |     9 ||    24
Dodge: Dodged            |     9 |    28 |    28 ||    65

Table legend: (Time is in decaauts)
 A = Elapsed time spent in this place.
 B = Non-inter-level travel time spent in this place.
 C = Inter-level travel time spent in this place.
 D = Time resting spent in this place.
 E = Time spent auto-exploring this place.
 F = Levels seen in this place.
 G = Mean time per level.
                   A        B        C        D        E       F      G
               +--------+--------+--------+--------+--------+-----+--------+
         Total |   6840 |   6675 |    165 |   1460 |   4021 |   7 |  977.1 |
       Dungeon |   4969 |   4804 |    165 |    671 |   3480 |   5 |  993.8 |
         Sewer |    936 |    936 |      0 |    408 |    277 |   1 |  936.0 |
       Ossuary |    934 |    934 |      0 |    381 |    264 |   1 |  934.0 |
               +--------+--------+--------+--------+--------+-----+--------+

Top non-repeatable levels by time:
     D:4: 1484 daAuts
     D:3: 1258 daAuts
   Sewer: 936 daAuts
 Ossuary: 934 daAuts
     D:1: 847 daAuts
     D:5: 837 daAuts
     D:2: 542 daAuts
